 Dungeon Crawl Stone Soup version 0.28-a0-909-g796cbd3a86 (webtiles) character file.

Game seed: 12597639458162751960

54 vurker the Gusty (level 3, 15/15 HPs)
             Began as a Felid Air Elementalist on Nov 24, 2021.
             Quit the game on level 3 of the Dungeon.
             The game lasted 00:02:22 (3583 turns).

vurker the Gusty (Felid Air Elementalist)           Turns: 3583, Time: 00:02:23

Health: 15/15      AC:  1    Str:  4    XL:     3   Next: 66%
Magic:  8/8        EV: 17    Int: 17    God:
Gold:   112        SH:  0    Dex: 16    Spells: 7/8 levels left
                                        Lives:  0   Deaths: 1

rFire   . . .      SeeInvis +   (weapon unavailable)
rCold   . . .      Faith    .   (shield unavailable)
rNeg    . . .      Spirit   .   (armour unavailable)
rPois   .          Reflect  .   (helmet unavailable)
rElec   .          Harm     .   (cloak unavailable)
rCorr   .          Rampage  .   (gloves unavailable)
Will    .....                   (boots unavailable)
Stlth   ++........              (no amulet)
HPRegen 0.05/turn               (no ring)
MPRegen 0.11/turn               (no ring)

@: quick
A: very small, claws 1, fangs 3, see invisible, speed 1, shaggy fur 1, stealthy
paws, no weapons or thrown items, no armour, multi-lived
a: no special abilities


You were on level 3 of the Dungeon.
You visited 1 branch of the dungeon, and saw 3 of its levels.

You collected 112 gold pieces.

Inventory:

Scrolls
 b - a scroll of enchant armour {unknown}
 d - 3 scrolls of identify {unknown}
 f - 2 scrolls of teleportation {unknown}
 g - a scroll of brand weapon {unknown}
 h - a scroll of enchant weapon {unknown}
 l - a scroll of magic mapping {unknown}
Potions
 a - 2 potions of curing {unknown}
 c - a potion of magic {unknown}
 e - a potion of resistance {unknown}
 i - a potion of mutation {unknown}
 j - a potion of flight {unknown}
 k - a potion of heal wounds {unknown}


   Skills:
 + Level 1.6 Fighting
 - Level 2.6 Dodging
 - Level 2.6 Stealth
 * Level 3.0 Spellcasting
 + Level 1.6 Conjurations
 * Level 3.6 Air Magic


You had 7 spell levels left.
You knew the following spells:

 Your Spells              Type           Power      Damage    Failure   Level
a - Shock                 Conj/Air       44%        1d5       6%          1

Your spell library contained the following spells:

 Spells                   Type           Power      Damage    Failure   Level
 Static Discharge         Conj/Air       11%        N/A       9%          2
 Swiftness                Air            15%        N/A       12%         3
 Airstrike                Air            7%         N/A       36%         4


Dungeon Overview and Level Annotations

Branches:
Dungeon (3/15)

Altars:
Fedhas


Innate Abilities, Weirdness & Mutations

You have sharp claws.
You have razor-sharp teeth.
You have supernaturally acute eyesight. (SInv)
You cover ground quickly. (Speed+)
You are covered in fur. (AC +1)
Your paws help you pounce on unaware monsters.
You are incapable of wielding weapons or throwing items.
You cannot wear armour.
You gain extra lives every three experience levels.


Message History

You can't see any susceptible monsters within range! (Use Z to cast anyway.)
You climb upwards.
There is a stone staircase leading down here.
You start resting.
You start resting.
You climb downwards.
There is a stone staircase leading up, spattered with blood here.
You can't see any susceptible monsters within range! (Use Z to cast anyway.)
Found a scroll labelled KELLASAUPRU.
d - 3 scrolls labelled KELLASAUPRU (gained 1)
An endoplasm comes into view.
An endoplasm is nearby!
Aim: an endoplasm (wandering, hasn't noticed you, 97% to hit)
The zap hits the endoplasm.
The endoplasm quivers.
Aim: an endoplasm (moderately wounded, 97% to hit)
The zap hits the endoplasm.
Aim: an endoplasm (almost dead, 97% to hit)
The zap hits the endoplasm.
You kill the endoplasm!
You see here 11 poisoned darts.
Key pressed, stopping explore.
You can't see any susceptible monsters within range! (Use Z to cast anyway.)
Aim: an orc priest, wielding a +0 club and wearing a +0 chain mail (wandering, hasn't noticed you, 77% to hit)
You miscast Shock.
You are very lightly contaminated with residual magic.
Nothing appears to happen.
The orc priest shouts!
An orc priest is nearby!
Aim: an orc priest, wielding a +0 club and wearing a +0 chain mail (77% to hit)
The zap hits the orc priest.
An orc priest is nearby!
The zap hits the orc priest. x2; The orc priest completely misses you.
Your magical contamination has completely faded away.
The zap hits the orc priest but does no damage. x2
The orc priest hits you with a +0 club.
The zap hits the orc priest.
The zap hits the orc priest but does no damage.
The orc priest hits you with a +0 club.
You miscast Shock.
You are very lightly contaminated with residual magic.
Nothing appears to happen.
The orc priest hits you with a +0 club.
The zap hits the orc priest.
The zap misses the orc priest.
The orc priest invokes the aid of Beogh against you.
Beogh smites you!
Ouch! That really hurt!
You die...
You are now level 3!
You rejoin the land of the living...
Okay, then.

.......#.[.......#..####....##
.......#†.....####.####.....##
.......o.....................†
.......#......###.###...######
.......#..........# #...#
.#######.......#### #...#
#######.######...######
#................# P.P#
#####.@.#######..###### #.###
#......... ##########.####
#.........
..............#####.........
#.####....##..)............
#.# ##.########....<.......
#.# #.(# #............ #.#
#.## ####.#.....#. #.# #o#
#.###.###.


There were no monsters in sight!

Vanquished Creatures
  A jelly (D:2)
  An adder (D:3)
  A dart slug (D:3)
  A worm (D:2)
  2 orcs (D:3)
  3 endoplasms
  5 giant cockroaches
  6 goblins
  7 hobgoblins
  7 jackals (D:1)
  A quokka (D:2)
  5 ball pythons
  6 bats
  4 frilled lizards
  8 kobolds
  5 rats
63 creatures vanquished.

Notes
Turn   | Place    | Note
-------+----------+-------------------------------------------
     0 | D:1      | vurker the Felid Air Elementalist began the quest for the
                  | Orb.
     0 | D:1      | Reached XP level 1. HP: 7/7 MP: 4/4
   171 | D:1      | Reached skill level 1 in Conjurations
   274 | D:1      | Reached XP level 2. HP: 10/12 MP: 1/6
   829 | D:1      | Found a faded altar of an unknown god.
  1259 | D:1      | Reached skill level 1 in Fighting
  1259 | D:1      | Reached XP level 3. HP: 15/15 MP: 4/7
  1807 | D:2      | Found a blossoming altar of Fedhas.
  2476 | D:2      | Reached XP level 4. HP: 19/19 MP: 4/9
  3582 | D:3      | Killed from afar by an orc priest
  3583 | D:3      | Reached XP level 3. HP: -1/15 MP: 3/8
  3583 | D:3      | Quit the game

Illustrated notes

Levels and vault maps discovered:
D:1:      dpeg_arrival_tiny_i, layout_loops_ring,
          shapermc_ecumenical_altar_acropolis
D:2:      layout_loops_corners, basic_altar
D:3:      layout_rooms, serial_aquarium, aquarium_bridge_long_joined
          [aquarium_subvault_bridge, aquarium_subvault_bridge,
          aquarium_subvault_bridge, aquarium_subvault_wall,
          aquarium_subvault_window, aquarium_subvault_wall],
          aquarium_window_fake, aquarium_window_fake, aquarium_window_1,
          aquarium_window_fake, aquarium_view_2c, aquarium_balcony_1b

Skill      XL: |  1  2  3  4 |
---------------+-------------+-----
Conjurations   | 1 |  1.6
Air Magic      | 3 |  3.6
Fighting       | 1 |  1.6
Spellcasting   | 3 |  3.0
Dodging        | |  2.6
Stealth        | |  2.6

Action                   |  1- 3 |  4- 6 || total
-------------------------+-------+-------++-------
Melee: Unarmed           |    20 |     7 ||    27
       Bite              |     2 |       ||     2
 Cast: Shock             |    92 |    57 ||   149
Armor: Skin              |     4 |     1 ||     5
Dodge: Dodged            |    22 |    28 ||    50

Table legend: (Time is in decaauts)
 A = Elapsed time spent in this place.
 B = Non-inter-level travel time spent in this place.
 C = Inter-level travel time spent in this place.
 D = Time resting spent in this place.
 E = Time spent auto-exploring this place.
 F = Levels seen in this place.
 G = Mean time per level.
                   A        B        C        D        E       F      G
               +--------+--------+--------+--------+--------+-----+--------+
         Total |   3264 |   3235 |     29 |    285 |   2576 |   3 | 1088.0 |
       Dungeon |   3264 |   3235 |     29 |    285 |   2576 |   3 | 1088.0 |
               +--------+--------+--------+--------+--------+-----+--------+

Top non-repeatable levels by time:
     D:1: 1295 daAuts
     D:2: 1229 daAuts
     D:3: 740 daAuts
